 Dungeon Crawl Stone Soup version 0.31-a0-1370-gf52a5a9ab3 (webtiles) character file.

Game seed: 5578910989202349212

17644 Laraso the Grappler (level 12, -3/126 HPs)
             Began as a Troll Cinder Acolyte on Dec 23, 2023.
             Was a High Priest of Ignis.
             Slain by a seven-headed hydra (4 damage)
             ... while paralysed by a hornet
             ... on level 1 of the Lair of Beasts on Dec 24, 2023.
             The game lasted 00:14:43 (10117 turns).

Laraso the Grappler (Troll Cinder Acolyte)         Turns: 10117, Time: 00:14:44

Health: -3/126     AC:  8    Str: 29    XL:     12   Next: 20%
Magic:  0/12       EV:  1    Int: 10    God:    Ignis [*****.]
Gold:   640        SH:  0    Dex:  5    Spells: 13/13 levels left

rFire   + +          .
                       - Unarmed
rCold   . . .        (no shield)
rNeg    . . .        t - +0 steam dragon scales
rPois   .            (helmet restricted)
rElec   .            (no cloak)
rCorr   +            (gloves unavailable)
SInv    +            (boots unavailable)
Will    +....        h - amulet of guardian spirit
Stlth   +            q - ring of protection from fire
HPRegen 1.21/turn    d - ring "Piaskadu" {Wiz Will+ rCorr SInv}
MPRegen 0.13/turn

%: guardian spirit, wizardry (x1)
@: paralysed, slowed
A: large, unfitting armour, claws 3, regeneration 1, shaggy fur 1, tough skin 1
a: Renounce Religion, Fiery Armour, Foxfire Swarm, Rising Flame


You were on level 1 of the Lair of Beasts.
You worshipped Ignis.
Ignis was extremely pleased with you.
You visited 2 branches of the dungeon, and saw 12 of its levels.

You collected 748 gold pieces.
You spent 108 gold pieces at shops.

Inventory:

Missiles
 u - 2 throwing nets
Armour
 s - a +0 kite shield
 t - +0 steam dragon scales (worn)
Jewellery
 d - the ring "Piaskadu" (right claw) {Wiz Will+ rCorr SInv}
   (You acquired it on level 5 of the Dungeon)

   [ring of wizardry]

   Wiz:       It improves your spell success rate.
   Will+:     It increases your willpower.
   SInv:      It lets you see invisible.
   rCorr:     It protects you from acid and corrosion.
 h - an amulet of guardian spirit (around neck)
 q - a ring of protection from fire (left claw)
Wands
 m - a wand of charming (14)
 o - a wand of flame (22)
Scrolls
 e - 2 scrolls of enchant weapon
 f - 2 scrolls of poison
 j - 4 scrolls of revelation
 k - 2 scrolls of amnesia
 v - 2 scrolls of vulnerability
 x - a scroll of brand weapon
Potions
 a - a potion of curing
 b - 2 potions of ambrosia
 c - a potion of lignification
 g - a potion of resistance
 i - a potion of enlightenment
 l - 2 potions of brilliance
 n - a potion of attraction {unknown}
 p - 4 potions of heal wounds
 r - a potion of mutation {unknown}
 w - 2 potions of berserk rage {unknown}


   Skills:
 - Level 10.0 Fighting
 - Level 5.0 Armour
 - Level 2.0 Dodging
 - Level 14.0 Unarmed Combat
 - Level 1.0 Spellcasting
 - Level 2.1 Fire Magic
 * Level 5.2 Evocations


You had 13 spell levels left.
You didn't know any spells.
Your spell library contained the following spells:

 Spells                   Type           Power      Damage    Failure   Level
 Scorch                   Fire           8%         2d5       9%          2
 Volatile Blastmotes      Fire/Tloc      4%         2d10      26%         3
 Dazzling Flash           Conj/Hex       0%         N/A       38%         3
 Stone Arrow              Conj/Erth      0%         3d7       38%         3
 Animate Armour           Summ/Erth      0%         N/A       77%         4
 Brom's Barrelling Bould  Conj/Erth      0%         2d3       77%         4
 Fireball                 Conj/Fire      1%         3d3       91%         5
 Iskenderun's Battlesphe  Conj           0%         2d6       97%         5
 Conjure Ball Lightning   Conj/Air       0%         3x3d6     100%        6
 Starburst                Conj/Fire      1%         6d3       100%        6
 Orb of Destruction       Conj           0%         9d5       100%        7
 Lehudib's Crystal Spear  Conj/Erth      0%         10d2      100%        8
 Maxwell's Capacitive Co  Air            0%         ∞         100%        8


Dungeon Overview and Level Annotations

Branches:
Dungeon (11/15)            Temple (0/1) D:4            Lair (1/5) D:11
    Orc (0/2) D:10

Altars:
Dithmenos
Elyvilon
Hepliaklqana
Sif Muna
Uskayaw
Vehumet
Xom
The Shining One

Shops:
D:6 *   D:8 (


Innate Abilities, Weirdness & Mutations

You are too large for most types of armour.
You have claws for hands.
Your natural rate of healing is unusually fast.
You are covered in fur. (AC +1)
You have tough skin. (AC +1)


Message History

The wolf bites you but does no damage. x2
The wolf attacks as it pursues you! The wolf bites you.
The bullfrog hits you but does no damage.
The wolf attacks as it pursues you! The wolf bites you. x2
The wolf attacks as it pursues you! The wolf bites you.
The wolf closely misses you. The hornet stings you!
You feel yourself slow down.
You feel yourself speed up. The wolf attacks as it pursues you!
The wolf bites you but does no damage. x2
The hornet attacks as it pursues you! The hornet stings you.
You suddenly lose the ability to move!
The wolf bites you. The hornet stings you.
You feel yourself slow down. The wolf bites you. The hornet stings you!
You feel as though you will be slow longer.
The seven-headed hydra bites you.
The seven-headed hydra bites you but does no damage.
The seven-headed hydra bites you.
The seven-headed hydra bites you but does no damage.
The seven-headed hydra bites you!
* * * LOW HITPOINT WARNING * * *
The seven-headed hydra bites you.
* * * LOW HITPOINT WARNING * * *
The seven-headed hydra bites you!
* * * LOW HITPOINT WARNING * * *
The wolf bites you.
* * * LOW HITPOINT WARNING * * *
The hornet stings you but does no damage.
The bullfrog hits you.
* * * LOW HITPOINT WARNING * * *
The wolf bites you!
* * * LOW HITPOINT WARNING * * *
The seven-headed hydra bites you but does no damage.
The seven-headed hydra bites you.
* * * LOW HITPOINT WARNING * * *
The seven-headed hydra bites you!
* * * LOW HITPOINT WARNING * * *
The seven-headed hydra bites you.
* * * LOW HITPOINT WARNING * * *
The seven-headed hydra bites you.
You die...

#.##.##≈≈≈..D.....~≈≈≈≈ #.
#.##.##≈~...y##......≈~ #.
#..#.##≈~..#######≈...~ ##
#.....#≈S.......## .... #.
#....##≈≈≈.......## ≈## ##.
#....##≈≈≈≈h......######## #.#
##......#≈≈≈...F....#..#..####..
#........#≈≈..yhD...............
#.............F@................
##.......#.##.....P####.##...#.#
#................## ####...###
#..#.......#.....# #...#
##..†.......#.....# #...#
#..<#.......#.....# .....
##..#.......#.....# #....##
##..........#.....# ##...#
#P............. P...#


You could see a seven-headed hydra, a polar bear, a cane toad, a hornet, a wolf,
a bullfrog and an electric eel.

Vanquished Creatures
  2 two-headed ogres (D:11)
  A boulder beetle (Lair:1)
  The ghost of jejorda2 the Cleaver, a novice GnBe of Trog (D:8)
  An ugly thing (D:10)
  A cyclops (D:11)
  A torpor snail (Lair:1)
  2 gargoyles
  3 black mambas (Lair:1)
  5 cane toads (Lair:1)
  3 komodo dragons
  A rime drake (Lair:1)
  Psyche (D:11)
  3 trolls
  A hornet (D:8)
  Grinder (D:3)
  3 shadows
  6 humans (D:6)
  9 yaks
  Grum (D:10)
  2 steam dragons (D:7)
  A basilisk (Lair:1)
  Edmund (D:4)
  4 orc warriors
  7 water moccasins
  3 ice beasts
  4 black bears
  2 ogres
  A sky beast (D:7)
  3 wolves (D:11)
  3 centaurs
  3 kobold brigands
  4 bullfrogs
  5 scorpions
  2 gnoll sergeants
  8 wights
  7 howler monkeys
  9 killer bees
  2 electric eels
  6 jellies
  3 hounds
  3 gnoll boudas
  5 orc priests
  2 sleepcaps
  Jessica (D:2)
  3 iguanas (D:5)
  6 orc wizards
  Natasha (twice) (D:4)
  Robin (D:2)
  18 gnolls
  12 adders
  3 bombardier beetles
  2 shadow imps
  A white imp (D:6)
  6 worms
  3 dart slugs
  19 orcs
  9 ball pythons
  4 bats
  9 endoplasms
  3 giant cockroaches (D:1)
  15 goblins
  6 hobgoblins
  7 jackals
  4 quokkas (D:1)
  3 frilled lizards
  12 kobolds
  3 rats
288 creatures vanquished.

Vanquished Creatures (others)
  An orc priest (D:8)
  An orc wizard (D:8)
  An orc (D:8)
3 creatures vanquished.

Grand Total: 291 creatures vanquished

Notes
Turn   | Place    | Note
-------+----------+-------------------------------------------
     0 | D:1      | Laraso the Troll Cinder Acolyte began the quest for the
                  | Orb.
     0 | D:1      | Reached XP level 1. HP: 22/22 MP: 1/1
    60 | D:1      | Reached XP level 2. HP: 29/29 MP: 2/2
   223 | D:1      | Reached skill level 4 in Unarmed Combat
   377 | D:1      | Reached XP level 3. HP: 36/36 MP: 3/3
   402 | D:1      | You fall into a shaft and drop 1 floor!
   823 | D:2      | Reached skill level 5 in Unarmed Combat
   823 | D:2      | Reached XP level 4. HP: 44/44 MP: 4/4
   936 | D:2      | Noticed Robin
   967 | D:2      | Killed Robin
  1033 | D:2      | Noticed Jessica
  1037 | D:2      | Killed Jessica
  1038 | D:2      | Reached XP level 5. HP: 49/50 MP: 5/5
  1453 | D:3      | Found a shimmering blue altar of Sif Muna.
  1466 | D:3      | Reached skill level 6 in Unarmed Combat
  1851 | D:4      | Noticed Grinder
  1852 | D:4      | Paralysed by Grinder for 4 turns
  1878 | D:3      | Killed Grinder
  1879 | D:3      | Reached skill level 7 in Unarmed Combat
  1879 | D:3      | Reached XP level 6. HP: 31/61 MP: 6/6
  2072 | D:4      | Noticed Edmund
  2082 | D:4      | Killed Edmund
  2083 | D:4      | Reached XP level 7. HP: 56/71 MP: 5/7
  2251 | D:4      | Found a staircase to the Ecumenical Temple.
  2287 | D:4      | Noticed Natasha
  2297 | D:4      | Killed Natasha
  2461 | D:4      | Noticed Natasha
  2465 | D:4      | Killed Natasha
  2466 | D:4      | Reached skill level 5 in Fighting
  2522 | D:4      | Found a glowing golden altar of the Shining One.
  2628 | D:5      | Entered Level 5 of the Dungeon
  2800 | D:5      | Found a shimmering altar of Xom.
  2831 | D:5      | Reached skill level 8 in Unarmed Combat
  2862 | D:5      | Found a hazy altar of Hepliaklqana.
  2912 | D:5      | Reached XP level 8. HP: 79/80 MP: 8/8
  2962 | D:5      | Identified a scroll of acquirement
  2962 | D:5      | Acquired the ring "Piaskadu" {Wiz Will+ rCorr SInv}
  3094 | D:5      | Reached skill level 9 in Unarmed Combat
  3803 | D:5      | Reached skill level 10 in Unarmed Combat
  4030 | D:6      | Reached skill level 11 in Unarmed Combat
  4030 | D:6      | Reached XP level 9. HP: 72/88 MP: 6/9
  4155 | D:6      | Found Laicoq's General Store.
  4164 | D:6      | Bought a scroll of identify for 24 gold pieces
  4164 | D:6      | Bought a scroll of identify for 24 gold pieces
  4164 | D:6      | Bought a potion of heal wounds for 60 gold pieces
  4410 | D:6      | Reached skill level 12 in Unarmed Combat
  4954 | D:7      | Reached skill level 13 in Unarmed Combat
  5561 | D:8      | Found a runed translucent gate.
  5573 | D:8      | Reached XP level 10. HP: 40/96 MP: 3/10
  5654 | D:8      | Found a runed translucent gate.
  5654 | D:8      | Found a runed translucent gate.
  5855 | D:8      | Paralysed by a hornet for 3 turns
  5861 | D:8      | Reached skill level 14 in Unarmed Combat
  5939 | D:8      | Found Foumn's Antique Weapon Shop.
  6110 | D:8      | Noticed jejorda2's ghost (novice GnBe)
  6566 | D:8      | Found a white marble altar of Elyvilon.
  6624 | D:8      | Killed jejorda2's ghost
  6625 | D:8      | Reached skill level 1 in Armour
  6625 | D:8      | Reached skill level 1 in Dodging
  6901 | D:9      | Identified the +5 falchion "Taih" {vamp, ^Drain Fly rElec
                  | Dex+4}
  7013 | D:9      | Found a hide-covered altar of Uskayaw.
  7528 | D:10     | Entered Level 10 of the Dungeon
  7820 | D:10     | Found a shadowy altar of Dithmenos.
  7971 | D:10     | Noticed a gargoyle
  7978 | D:10     | Killed a gargoyle
  8001 | D:10     | Found a radiant altar of Vehumet.
  8053 | D:10     | Reached XP level 11. HP: 28/107 MP: 2/11
  8356 | D:10     | Found a staircase to the Orcish Mines.
  8506 | D:11     | Noticed Grum
  8524 | D:11     | Noticed a two-headed ogre
  8532 | D:11     | Noticed a white ugly thing
  8546 | D:10     | Killed a white ugly thing
  8547 | D:10     | Reached skill level 5 in Armour
  8799 | D:11     | Noticed Psyche
  8806 | D:11     | Killed Psyche
  8846 | D:11     | Noticed a two-headed ogre
  8871 | D:10     | Killed Grum
  8936 | D:11     | Killed a two-headed ogre
  8990 | D:11     | Found a staircase to the Lair.
  9452 | Lair:1   | Entered Level 1 of the Lair of Beasts
  9468 | D:11     | HP: 1/107 [komodo dragon (15)]
  9609 | Lair:1   | Reached skill level 10 in Fighting
  9622 | Lair:1   | Reached skill level 1 in Evocations
  9684 | D:11     | Killed a two-headed ogre
  9853 | Lair:1   | Reached XP level 12. HP: 121/126 MP: 10/12
  9872 | Lair:1   | Noticed a boulder beetle
  9924 | Lair:1   | Killed a boulder beetle
 10031 | Lair:1   | Reached skill level 5 in Evocations
 10103 | Lair:1   | Noticed a seven-headed hydra
 10115 | Lair:1   | Paralysed by a hornet for 3 turns
 10117 | Lair:1   | HP: 6/126 [seven-headed hydra (8)]
 10117 | Lair:1   | HP: 1/126 [seven-headed hydra (5)]
 10117 | Lair:1   | Slain by a seven-headed hydra

Illustrated notes

Levels and vault maps discovered:
D:1:      minmay_arrival_diagonal_passages, layout_basic, serial_bayou_ford_a
D:2:      layout_rooms, uniq_robin, uniq_jessica
D:3:      layout_loops_ring, kennysheep_orc_sif_temple
D:4:      layout_loops_ring, tso_altar, minmay_temple_entry_mist, uniq_edmund,
          uniq_grinder, uniq_natasha
D:5:      layout_basic, mainiacjoe_overflow_alcove_2, lemuel_crystal_altar,
          minmay_misc_feat_ornament
D:6:      layout_basic, serial_shops, nicolae_shop_waterfront, serial_glass,
          glass_columns_b, glass_columns_c, glass_columns_c, glass_columns_a,
          glass_columns_c, glass_columns_c, glass_columns_b, glass_columns_c,
          minmay_ruffians
D:7:      layout_basic
D:8:      layout_loops_ring, nicolae_elyvilon_peaceful_grove,
          gammafunk_ghost_spectres, serial_shops, nicolae_shop_behind_doors,
          kennysheep_cross_room, chequers_serial_rivers_room_a, hex_large
D:9:      layout_irregular_city, amcnicky_altar_gilded,
          minmay_fractal_squares_diagonal_5
D:10:     layout_roguey, general_overflow_altar, kennysheep_mini, orc_0_dummy,
          roderic_serpentine_path, nicolae_lava_and_water
D:11:     layout_basic, due_lair_maze_entry_diamond, uniq_psyche, uniq_grum
Lair:1:   layout_regular_city, nicolae_lair_lakeside_cave

Skill      XL: |  1  2  3  4  5  6  7  8  9 10 11 12 |
---------------+-------------------------------------+-----
Unarmed Combat | 4 5 7 8 11 13 14 | 14.0
Fighting       | 3 4 5 6 10 | 10.0
Armour         | 4 5 |  5.0
Dodging        | 2 |  2.0
Evocations     | 3 5 |  5.2
Spellcasting   | |  1.0
Fire Magic     | |  2.1

Action                     |  1- 3 |  4- 6 |  7- 9 | 10-12 || total
---------------------------+-------+-------+-------+-------++-------
  Melee: Unarmed           |    89 |   117 |   302 |   362 ||   870
         Punch             |     4 |     1 |    19 |    23 ||    47
 Invoke: Fiery Armour      |       |       |       |     1 ||     1
  Evoke: Wand              |       |       |       |     4 ||     4
    Use: Scroll            |       |    10 |     7 |     4 ||    21
         Potion            |       |       |       |     5 ||     5
 Armour: Robe              |    46 |    25 |       |       ||    71
         Animal skin       |       |    38 |   196 |    22 ||   256
         Steam dragon scal |       |       |       |   303 ||   303
         Skin              |       |       |       |     4 ||     4
  Dodge: Dodged            |    38 |    51 |   113 |   140 ||   342

Table legend: (Time is in decaauts)
 A = Elapsed time spent in this place.
 B = Non-inter-level travel time spent in this place.
 C = Inter-level travel time spent in this place.
 D = Time resting spent in this place.
 E = Time spent auto-exploring this place.
 F = Levels seen in this place.
 G = Mean time per level.
                   A        B        C        D        E       F      G
               +--------+--------+--------+--------+--------+-----+--------+
         Total |   9965 |   9615 |    350 |    961 |   6792 |  12 |  830.4 |
       Dungeon |   9349 |   8999 |    350 |    766 |   6548 |  11 |  849.9 |
          Lair |    616 |    616 |      0 |    195 |    244 |   1 |  616.0 |
               +--------+--------+--------+--------+--------+-----+--------+

Top non-repeatable levels by time:
     D:5: 1233 daAuts
    D:10: 1119 daAuts
     D:8: 1055 daAuts
     D:7: 893 daAuts
     D:6: 839 daAuts
     D:9: 805 daAuts
    D:11: 796 daAuts
     D:4: 721 daAuts
     D:3: 674 daAuts
     D:1: 671 daAuts
  Lair:1: 616 daAuts
     D:2: 538 daAuts
